 Dungeon Crawl Stone Soup version 0.26.1-12-g5ba1501909 (webtiles) character file.

Game seed: 15516979843872854394

154 Zeld the Sneak (level 5, -2/35 HPs)
             Began as an Octopode Brigand on Oct 22, 2021.
             Slain by a troll (14 damage)
             ... on level 4 of the Dungeon on Oct 23, 2021.
             The game lasted 00:04:39 (3000 turns).

Zeld the Sneak (Octopode Brigand)                   Turns: 3000, Time: 00:04:40

Health: -2/35      AC:  1    Str: 10    XL:     5   Next: 35%
Magic:  5/5        EV: 13    Int: 13    God:
Gold:   223        SH:  0    Dex: 15    Spells: 4/4 levels left

rFire    . . .     SeeInvis .   a - +2 dagger
rCold    . . .     Faith    .   (no shield)
rNeg     . . .     Spirit   .   (helmet restricted)
rPois    .         Reflect  .   (no amulet)
rElec    .         Harm     .   (no ring)
rCorr    .         Rampage  .   (no ring)
Will     .....                  (no ring)
Stlth    ++++......             (no ring)
HPRegen  0.11/turn              (no ring)
MPRegen  0.09/turn              (no ring)
                                (no ring)
                                (no ring)

@: no status effects
A: almost no armour, stealthy swim, amphibious, 8 rings, constrict 8, camouflage
1, gelatinous body 1
a: no special abilities


You were on level 4 of the Dungeon.
You visited 1 branch of the dungeon, and saw 4 of its levels.

You collected 223 gold pieces.

Inventory:

Hand Weapons
 a - a +2 dagger (weapon)
Missiles
 b - 19 poisoned darts (quivered)
 c - 5 curare-tipped darts
Jewellery
 l - an uncursed ring of positive energy {unknown}
Scrolls
 d - 3 scrolls of teleportation
 e - 4 scrolls of remove curse
 g - a scroll of identify
 h - 2 scrolls of enchant armour
 j - a scroll of fear
 m - a scroll of fog
 o - a scroll of immolation
Potions
 f - 2 potions of curing {unknown}
 i - a potion of flight {unknown}
 k - a potion of brilliance {unknown}
 n - a potion of attraction {unknown}


   Skills:
 + Level 2.6 Fighting
 * Level 3.2 Short Blades
 * Level 3.3 Throwing
 + Level 2.0 Dodging
 + Level 6.1 Stealth


You had 4 spell levels left.
You didn't know any spells.
Your spell library was empty.

Dungeon Overview and Level Annotations

Branches:
Dungeon (4/15)
 Temple: D:4-7

Altars:


Innate Abilities, Weirdness & Mutations

You cannot wear most types of armour.
You are very stealthy in the water. (Stealth+)
You are amphibious.
You can wear up to eight rings at the same time.
You can use your tentacles to constrict eight enemies at once.
Your skin changes colour to match your surroundings (Stealth+).
Your rubbery body absorbs attacks. (AC +1, EV +1)


Message History

The jackal bites you.
The jackal bites you but does no damage.
The jackal barely misses you. The jackal barely misses you.
There is an open door here.
The jackal bites you. The jackal bites you. The jackal closely misses you.
The jackal misses you.
There is a stone staircase leading up here.
You hear the hiss of a very distant avalanche of sand.
The jackal barely misses you.
You hit the jackal. You grab the jackal.
The jackal is severely wounded.
You constrict the jackal.
You kill the jackal!
The troll bites you!!
Ouch! That really hurt!
The troll claws you!
You die...

...................#
...................#
...................+
#####..............#
#..............#
#..............###
#.<.......##+#....
#######.T.......#..+...>
#.....#@........#..#.T..
#.....#.........#..#....
#.....#.........#..#....
###'####.........#..##+##
#................#..# #
#................'..+ #
#...........)....#..# .#
#................#..# .#
#................#..# ..#


You could see a troll.

Vanquished Creatures
  A hound (D:4)
  An orc priest (D:3)
  2 adders
  An ooze (D:2)
  2 worms (D:2)
  2 dart slugs
  3 leopard geckos
  3 orcs (D:3)
  4 bats
  5 giant cockroaches
  3 goblins
  4 hobgoblins
  5 jackals
  3 ball pythons
  6 frilled lizards
  6 kobolds
  10 rats
61 creatures vanquished.

Notes
Turn   | Place    | Note
-------+----------+-------------------------------------------
     0 | D:1      | Zeld the Octopode Brigand began the quest for the Orb.
     0 | D:1      | Reached XP level 1. HP: 14/14 MP: 1/1
   254 | D:1      | Reached XP level 2. HP: 19/19 MP: 2/2
   945 | D:2      | Reached XP level 3. HP: 24/24 MP: 3/3
  1319 | D:2      | Reached XP level 4. HP: 25/29 MP: 4/4
  2225 | D:3      | Reached skill level 6 in Stealth
  2227 | D:3      | Reached XP level 5. HP: 13/35 MP: 5/5
  2925 | D:4      | Noticed a troll
  3000 | D:4      | Slain by a troll

Illustrated notes

Levels and vault maps discovered:
D:1:      dpeg_arrival_leaves_temple_mockup, layout_basic, minmay_octomino_j4
D:2:      layout_loops_ring
D:3:      layout_basic, serial_forest, infiniplex_forest_zigzag_1,
          infiniplex_forest_clump_curved, infiniplex_forest_zigzag_2,
          infiniplex_forest_corner_1, infiniplex_forest_clump_tiny,
          infiniplex_forest_end_3, infiniplex_forest_straight_4,
          minmay_liquid_box
D:4:      layout_gridville, nicolae_ossuary_entry_plus

Skill      XL: |  1  2  3  4  5 |
---------------+----------------+-----
Short Blades   | 3 |  3.2
Throwing       | 3 |  3.3
Stealth        | 6 |  6.1
Dodging        | 2 |  2.0
Fighting       | |  2.6

Action                   |  1- 3 |  4- 6 || total
-------------------------+-------+-------++-------
Melee: Dagger            |    50 |    38 ||    88
       Tentacles         |     8 |     6 ||    14
       Constrict         |     6 |     9 ||    15
Throw: Dart              |     1 |       ||     1
  Use: Scroll            |       |     6 ||     6
 Stab: Sleeping          |    17 |     9 ||    26
       Distracted        |     1 |       ||     1
Armor: Skin              |     4 |     6 ||    10
Dodge: Dodged            |    18 |    37 ||    55
